 Dungeon Crawl Stone Soup version 0.31-a0-703-gcfe89afef6 (webtiles) character file.

Game seed: 14300625418051302428

83 qw the Shooter (level 4, -2/28 HPs)
             Began as a Gargoyle Hunter on Sept 8, 2023.
             Slain by a goblin
             ... wielding a +0 dagger
             ... led by Robin
              (3 damage)
             ... on level 3 of the Dungeon.
             The game lasted 00:00:35 (1419 turns).

qw the Shooter (Gargoyle Hunter)                    Turns: 1419, Time: 00:00:36

Health: -2/28      AC:  8    Str: 15    XL:     4   Next: 44%
Magic:  4/4        EV: 11    Int:  9    God:
Gold:   172        SH:  0    Dex: 15    Spells: 3/3 levels left

rFire   . . .        Y - +0 shortbow
rCold   . . .        (shield currently unavailable)
rNeg    + . .        d - +0 ring mail
rPois   inf          (no helmet)
rElec   +            (no cloak)
rCorr   .            (no gloves)
SInv    .            (no boots)
Will    .....        (no amulet)
Stlth   +            (no ring)
HPRegen 0.24/turn    (no ring)
MPRegen 0.09/turn

%: no passive effects
@: no status effects
A: sickness immunity, AC +3, negative energy resistance 1, electricity
resistance, torment resistance 1, petrification resistance
a: no special abilities


You were on level 3 of the Dungeon.
You visited 1 branch of the dungeon, and saw 3 of its levels.

You collected 214 gold pieces.
You spent 42 gold pieces at shops.


Innate Abilities, Weirdness & Mutations

You are immune to sickness and miasma.
Your stone body is resilient. (AC +3)
You are immune to poison.
You resist negative energy. (rN+)
You are resistant to electric shocks. (rElec)
You are resistant to unholy torment.
You are immune to petrification.


   Skills:
 - Level 3.1 Fighting
 + Level 5.1 Ranged Weapons
 - Level 1.4 Armour
 - Level 1.5 Dodging
 - Level 1.1 Stealth


You had 3 spell levels left.
You didn't know any spells.
Your spell library was empty.

Inventory:

Hand Weapons
 Y - a +0 shortbow (weapon)
Armour
 d - a +0 ring mail (worn)
Scrolls
 h - a scroll of identify
Potions
 a - a potion of haste
 e - a potion of brilliance {unknown}
 i - a potion of curing

Dungeon Overview and Level Annotations

Branches:
Dungeon (3/15)

Altars:
Qazlal

Shops:
D:1 !

Annotations:
D:3 Robin


Message History

You shoot an arrow. The arrow hits the goblin.
You kill the goblin!
The goblin hits you but does no damage. Robin closely misses you.
The goblin hits you but does no damage.
You shoot an arrow. The arrow hits the goblin!
You kill the goblin!
The goblin hits you but does no damage.
Robin flexes a bicep menacingly.
Robin barely misses you.
You shoot an arrow. The arrow barely misses the goblin.
The goblin barely misses you.
Robin says, "Feeling lonely?"
Robin closely misses you. The goblin hits you but does no damage.
An endoplasm comes into view.
The goblin hits you with a +0 dagger.
Robin hits you from afar with a +0 spear.
The goblin hits you but does no damage.
You shoot an arrow. The arrow hits the goblin.
The goblin is heavily wounded.
The goblin hits you but does no damage. The goblin closely misses you.
Robin throws the goblin at you!
You shoot an arrow. The arrow hits the goblin!
You kill the goblin!
The goblin hits you with a +0 dagger. The goblin hits you but does no damage.
Robin hits you from afar with a +0 spear.
You shoot an arrow. The arrow closely misses the goblin.
The goblin hits you with a +0 dagger. The goblin closely misses you.
Robin hits you but does no damage. The goblin hits you but does no damage.
You shoot an arrow. The arrow hits the goblin.
You kill the goblin!
The goblin barely misses you. Robin barely misses you.
The goblin closely misses you. The goblin barely misses you.
The goblin hits you but does no damage. Robin barely misses you.
You shoot an arrow. The arrow hits the goblin.
You kill the goblin!
The goblin misses you.
Robin hits you from afar with a +0 spear.
You shoot an arrow. The arrow completely misses the goblin.
The goblin hits you with a +0 dagger.
You die...

### #<# ##########.#
#.......##.#
#.......##.#
.######.......##.#######
...Jg.gg)..............#
#####@......##.#####.#
#.....)#######.#
#..g...# ##.#####.#
#......# #........#
#......######..#####.#
.'......+..........>#
.##......#.####..###.#
###...##+####..#
.............#


You could see Robin, an endoplasm and 3 goblins.

Vanquished Creatures
  3 adders
  2 dart slugs
  4 ball pythons (D:1)
  2 bats
  3 endoplasms
  2 giant cockroaches
  10 goblins
  7 hobgoblins
  6 kobolds
  A quokka (D:3)
  3 frilled lizards
  4 rats
47 creatures vanquished.

Notes
Turn   | Place    | Note
-------+----------+-------------------------------------------
     0 | D:1      | qw the Gargoyle Hunter began the quest for the Orb.
     0 | D:1      | Reached XP level 1. HP: 12/12 MP: 1/1
     0 | D:1      | 0 ||| qw: Version: 0.3-a-76-g4403597
     0 | D:1      | 0 ||| qw: Game counter: 1294
     0 | D:1      | 0 ||| qw: Melee chars always use a shield: true
     0 | D:1      | 0 ||| qw: God list: Okawaru
     0 | D:1      | 0 ||| qw: Allow faded altars: false
     0 | D:1      | 0 ||| qw: Do Orc after clearing Dungeon:15 true
     0 | D:1      | 0 ||| qw: Do second Lair branch before Depths: true
     0 | D:1      | 0 ||| qw: Lair rune preference: random
     0 | D:1      | 0 ||| qw: Goals: Normal
     0 | D:1      | 0 ||| PLANNING D:1-11
   137 | D:1      | Reached XP level 2. HP: 17/17 MP: 2/2
   137 | D:1      | Found Plog's Distillery.
   145 | D:1      | 145 ||| SHOPLISTING 2 potions of mutation (224 gold, have
                  | 44).
   145 | D:1      | 145 ||| BUYING potion of curing (42 gold).
   145 | D:1      | Bought a potion of curing for 42 gold pieces
   145 | D:1      | 145 ||| SHOPLISTING potion of curing (42 gold, have 2).
   145 | D:1      | 145 ||| SHOPLISTING potion of might (56 gold, have 2).
   145 | D:1      | 145 ||| SHOPLISTING potion of mutation (112 gold, have 2).
   173 | D:1      | 173 ||| RETREATING.
   191 | D:1      | Found a faded altar of an unknown god.
   446 | D:1      | Reached XP level 3. HP: 21/21 MP: 3/3
   621 | D:1      | 621 ||| UPGRADING to +0 ring mail.
   631 | D:1      | 631 ||| DROPPING +0 leather armour.
   632 | D:1      | 632 ||| READING scroll labelled ICREPH BORAESO.
   633 | D:1      | 633 ||| READING scroll labelled ARIG NAGODGH.
   637 | D:1      | 637 ||| READING 2 scrolls labelled BEGEDI DAICHA.
   638 | D:1      | 638 ||| READING scroll labelled ZEELLI QEONT.
   639 | D:1      | 639 ||| DROPPING scroll of butterflies.
   795 | D:2      | Reached skill level 1 in Armour
   899 | D:2      | Reached skill level 5 in Ranged Weapons
  1053 | D:2      | Reached XP level 4. HP: 27/27 MP: 4/4
  1259 | D:2      | 1259 ||| READING scroll labelled CINA HAILI.
  1260 | D:2      | 1260 ||| READING 2 scrolls of identify.
  1260 | D:2      | 1260 ||| IDENTIFYING bubbling brown potion
  1301 | D:3      | Found a stormy altar of Qazlal.
  1342 | D:3      | Reached skill level 3 in Fighting
  1403 | D:3      | Noticed Robin
  1415 | D:3      | HP: 7/28 [goblin/+0 dagger[Robin] (2)]
  1416 | D:3      | HP: 3/28 [goblin/+0 dagger[Robin] (3)]
  1418 | D:3      | HP: 1/28 [Robin/+0 spear (3)]
  1419 | D:3      | Slain by a goblin

Levels and vault maps discovered:
D:1:      minmay_arrival_four_loops, layout_loops_ring, serial_shops, shop,
          shapermc_ecumenical_altar_rom_forum, nicolae_titane
D:2:      layout_loops_ring, wander_ebering_terrifying_dragon_lair
D:3:      layout_basic, nicolae_qazlal_general_emergency,
          gammafunk_ghost_cemetery, minmay_misc_feat_diagonals,
          kennysheep_generic_room_4, uniq_robin

Skill      XL: |  1  2  3  4 |
---------------+-------------+-----
Armour         | 1 |  1.4
Ranged Weapons | 5 |  5.1
Fighting       | 3 |  3.1
Dodging        | |  1.5
Stealth        | |  1.1

Action                     |  1- 3 |  4- 6 || total
---------------------------+-------+-------++-------
   Fire: Shortbow          |    95 |    41 ||   136
    Use: Scroll            |     4 |     2 ||     6
 Armour: Leather armour    |    20 |       ||    20
         Ring mail         |     5 |    35 ||    40
  Dodge: Dodged            |    21 |    32 ||    53

Table legend:
 A = Non-vault XP
 B = Vault XP
 C = Vault XP percentage of total XP
 D = Non-vault monster count
 E = Vault monster count
 F = Vault count percentage of total count
                 A         B        C        D         E       F
            +---------+---------+-------+---------+---------+-------
      Total |     103 |      16 |  13.4 |      38 |       9 |  19.1
            +---------+---------+-------+---------+---------+-------
        D:1 |      37 |       0 |   0.0 |      20 |       0 |   0.0
        D:2 |      48 |       1 |   2.0 |      15 |       1 |   6.2
        D:3 |      18 |      15 |  45.5 |       3 |       8 |  72.7
            +---------+---------+-------+---------+---------+-------
